 Dungeon Crawl Stone Soup version 0.29.1-15-g9cfb28693d (console) character file.

Game seed: 10397207466443308014

19 Goreval the Sneak (level 2, -3/22 HPs)
             Began as a Naga Enchanter on Feb 23, 2023.
             Frozen to death by an endoplasm (5 damage)
             ... on level 1 of the Dungeon.
             The game lasted 00:02:11 (519 turns).

Goreval the Sneak (Naga Enchanter)                   Turns: 519, Time: 00:02:12

Health: -3/22      AC:  1    Str: 10    XL:     2   Next: 75%
Magic:  5/5        EV:  9    Int: 15    God:
Gold:   36         SH:  0    Dex: 11    Spells: 5/5 levels left

rFire   . . .      SeeInvis +   a - +1 dagger
rCold   . . .      Faith    .   (no shield)
rNeg    . . .      Spirit   .   b - +0 robe
rPois   +          Reflect  .   (no helmet)
rElec   .          Harm     .   (no cloak)
rCorr   .          Rampage  .   (no gloves)
Will    .....                   (no barding)
Stlth   +++.......              (no amulet)
HPRegen 0.07/turn               (no ring)
MPRegen 0.09/turn               (no ring)

@: short of breath, very slow
A: AC +0, large, see invisible, deformed body, poison resistance, slowness 2,
spit poison 1, naga tail 1
a: Spit Poison


You were on level 1 of the Dungeon.
You visited 1 branch of the dungeon, and saw 1 of its levels.

You collected 36 gold pieces.

Inventory:

Hand Weapons
 a - a +1 dagger (weapon)
Armour
 b - a +0 robe (worn)
Potions
 c - 2 potions of invisibility
 d - a potion of mutation {unknown}
 e - a potion of heal wounds {unknown}


   Skills:
 * Level 1.6 Short Blades
 - Level 1.5 Dodging
 + Level 4.7 Stealth
 + Level 2.2 Spellcasting
 * Level 3.3 Hexes


You had 5 spell levels left.
You didn't know any spells.
Your spell library contained the following spells:

 Spells                   Type           Power      Damage    Failure   Level
 Ensorcelled Hibernation  Hex/Ice        12%        N/A       17%         2
 Confusing Touch          Hex            11%        N/A       17%         3
 Tukima's Dance           Hex            11%        N/A       17%         3
 Dazzling Flash           Conj/Hex       12%        N/A       32%         3


Dungeon Overview and Level Annotations

Branches:
Dungeon (1/15) Zot: 5348

Altars:

Shops:
D:1 *


Innate Abilities, Weirdness & Mutations

Your serpentine skin is tough. (AC +0)
You have supernaturally acute eyesight. (SInv)
Armour fits poorly on your strangely shaped body.
Your system is resistant to poisons. (rPois)
You cover ground very slowly.
You can spit poison.
You have a snake-like lower body.


Message History

You closely miss the jackal. The jackal barely misses you.
The jackal closely misses you.
An endoplasm comes into view.
Aim: a jackal (50% to hit)
The splash of poison hits the jackal.
The jackal is poisoned.
You kill the jackal!
The jackal bites you. The jackal barely misses you. The jackal misses you.
The jackal bites you. The jackal attacks as you move away!
The jackal bites you. The jackal barely misses you. The jackal bites you.
* * * LOW HITPOINT WARNING * * *
You see here a jackal corpse.
You can't do that yet.
Unknown command.
Unknown command.
You hit the jackal.
You have got your breath back.
The jackal bites you but does no damage.
Aim: a jackal (heavily wounded, 50% to hit)
The splash of poison misses the jackal.
The splash of poison hits the endoplasm.
The jackal bites you.
* * * LOW HITPOINT WARNING * * *
You barely miss the jackal. The jackal barely misses you.
The jackal completely misses you.
You hit the jackal.
You kill the jackal!
You don't know any spells.
Unknown command.
You don't know any spells.
Unknown command.
Memorise Ensorcelled Hibernation, consuming 2 spell levels and leaving 3?
The endoplasm hits you.
Your memorisation is interrupted.
* * * LOW HITPOINT WARNING * * *
You don't know any spells.
Unknown command.
Okay, then.
You hit the endoplasm. The endoplasm freezes you.
You are frozen.
You die...

#.# #.####....#..###...### #.# #.#
#######.# ##### ##.####.####.# ##..#
#............###..## ##..####.###..##..##
#...# #.# #.#...## #...# #.# #..##.#
#...# #.# #.###.# ##.## #.###.# #.# #.#
#.).#.# #.# #.# ###.#.# #.# #.# #.#.# #.#
#.#######.#.# #.# ###########.......#.#.#
#...........#..(....#.#
#.#########........)..#
#.#.........#.###.#.###
#.#.#######.......#.##
#.#.#######.###..#...####.# #.#
####.#.#.......# #....#......# #.#
.........###.#.###..#...###### #.#
####.#..............##.## #.#
##..###.#####.####.##.# #.# ##.#.###.#
#.# #.##.## #.######.# #.###.##.# #.#
##.##..###### ####...†....# ...#.....#
#)# #...........# #†@J........#
###.#....#####.###..##..####.#
#.#######...# #.#.##.##..)......##..# #.#
.# #.#.##.##.##.###.###..# # #.#
#.#.##.##.##.###.# #..# #.#####.#
#.....)...##.....###..# #....##.####.#
###...................# #)........#
########.#############.###########.######
.........# #.......#####.#######
########## #######..............
#######.####### #... #####


You could see an endoplasm.

Vanquished Creatures
  A bat (D:1)
  2 endoplasms (D:1)
  A goblin (D:1)
  2 hobgoblins (D:1)
  3 jackals (D:1)
  5 kobolds (D:1)
  A ball python (D:1)
  A frilled lizard (D:1)
  A rat (D:1)
17 creatures vanquished.

Notes
Turn   | Place    | Note
-------+----------+-------------------------------------------
     0 | D:1      | Goreval the Naga Enchanter began the quest for the Orb.
     0 | D:1      | Reached XP level 1. HP: 15/15 MP: 3/3
   300 | D:1      | Reached XP level 2. HP: 20/22 MP: 5/5
   332 | D:1      | Found Mophysch's Assorted Antiques.
   518 | D:1      | HP: 1/22 [endoplasm (1)]
   519 | D:1      | Frozen to death by an endoplasm

Illustrated notes

Levels and vault maps discovered:
D:1:      dpeg_arrival_three_same_balls, layout_loops_ring, serial_shops, shop,
          hellmonk_ecumenical_altar_inner_sanctum

Action                   || total
-------------------------++-------
Melee: Dagger            ||    17
 Abil: Spit Poison       ||    12
 Stab: Sleeping          ||     6
Armor: Robe              ||     3
Dodge: Dodged            ||     9
